 Dungeon Crawl Stone Soup version 0.24.0-13-gcf9b319 (webtiles) character file.

Game seed: 13398542041790979752, levelgen mode: deterministic

11 Doobh the Stinger (level 2, 0/19 HPs)
             Began as a Demonspawn Venom Mage on Dec 30, 2019.
             Slain by a kobold
             ... wielding a +0 dagger
              (2 damage)
             ... on level 1 of the Dungeon.
             The game lasted 00:01:08 (630 turns).

Doobh the Stinger (Demonspawn Venom Mage)            Turns: 630, Time: 00:01:08

Health: 0/19       AC:  2    Str:  8    XL:     2   Next: 17%
Magic:  1/5        EV: 12    Int: 16    God:
Gold:   41         SH:  0    Dex: 13    Spells: 4/5 levels left

rFire    . . .     SeeInvis .   (no weapon)
rCold    . . .     Gourm    .   (no shield)
rNeg     . . .     Faith    .   a - +0 robe
rPois    .         Spirit   .   (no helmet)
rElec    .         Reflect  .   (no cloak)
rCorr    .         Harm     .   (no gloves)
MR       .....                  (no boots)
Stlth    ++........             (no amulet)
HPRegen  0.06/turn              (no ring)
MPRegen  0.09/turn              (no ring)

@: very slightly contaminated
A: hooves 1
a: no special abilities


You were on level 1 of the Dungeon.
You were not hungry.

You visited 1 branch of the dungeon, and saw 1 of its levels.

You collected 41 gold pieces.

Inventory:

Armour
 a - a +0 robe (worn)
Scrolls
 b - a scroll of fog {unknown}
 d - a scroll of enchant weapon {unknown}
 g - a scroll of remove curse {unknown}
Potions
 e - a potion of brilliance {unknown}
 f - a potion of degeneration {unknown}
Comestibles
 c - 3 rations


   Skills:
 + Level 1.9 Dodging
 + Level 1.8 Stealth
 + Level 2.3 Spellcasting
 + Level 1.0 Conjurations
 + Level 3.2 Poison Magic


You had 4 spell levels left.
You knew the following spells:

 Your Spells              Type           Power        Failure   Level  Hunger
a - Sting                 Conj/Pois      #...         9%          1    #......

Your spell library contained the following spells:

 Spells                   Type           Power        Failure   Level  Hunger
 Poisonous Vapours        Pois/Air       #.....       16%         2    ###....
 Mephitic Cloud           Conj/Pois/Air  #.......     34%         3    ###....
 Olgreb's Toxic Radiance  Pois           ##......     47%         4    #####..
 Venom Bolt               Conj/Pois      #.........   93%         5    ######.


Dungeon Overview and Level Annotations

Branches:
Dungeon (1/15)

Altars:


Innate Abilities, Weirdness & Mutations

You have large cloven feet.


Message History

You hit the kobold but do no damage. The kobold hits you with a +0 dagger.
You hit the kobold but do no damage. The kobold hits you with a +0 dagger.
You closely miss the kobold. The kobold hits you with a +0 dagger.
You barely miss the kobold. Your kick misses the kobold. The kobold misses you.
You closely miss the kobold. The kobold hits you with a +0 dagger.
You barely miss the kobold. Your kick misses the kobold.
The kobold closely misses you.
You hit the kobold but do no damage. Your kick misses the kobold.
The kobold hits you but does no damage.
You closely miss the kobold. Your kick misses the kobold.
The kobold misses you.
You hit the kobold but do no damage. The kobold hits you with a +0 dagger.
* * * LOW HITPOINT WARNING * * *
You closely miss the kobold. The kobold closely misses you.
You closely miss the kobold. The kobold closely misses you.
You hit the kobold but do no damage. Your kick misses the kobold.
The kobold misses you.
You hit the kobold but do no damage. You kick the kobold, but do no damage.
The kobold hits you with a +0 dagger.
You die...

....... #.....#
#...... #.....#
#...... #.....#
#...... #.....#
###.... #.....# #.#..
# #...†.# #.#..
#.##...# #.#..
#.K@..(#########.#..
####.#(#.#.#.#.#.#.#
.....................
#####.#.#.#.#.#.#.#.#
#.......>.........
##.#.#.#.#.#.#.#.#
#.................
##.#.#.#.#.#.#.#.#
#.#..##.##........


You could see a kobold.

Vanquished Creatures
  An ooze (D:1)
  A dart slug (D:1)
  A goblin (D:1)
  A hobgoblin (D:1)
  A kobold (D:1)
5 creatures vanquished.

Notes
Turn   | Place    | Note
-------+----------+-------------------------------------------
     0 | D:1      | Doobh the Demonspawn Venom Mage began the quest for the
                  | Orb.
     0 | D:1      | Reached XP level 1. HP: 13/13 MP: 3/3
   601 | D:1      | Gained mutation: You have large cloven feet. [demonic
                  | ancestry]
   601 | D:1      | Reached XP level 2. HP: 19/19 MP: 1/5
   630 | D:1      | Slain by a kobold

Levels and vault maps discovered:
D:1:      minmay_arrival_four_houses, layout_basic, corexii_corridor_pit,
          st_stairs_12

Action                   || total
-------------------------++-------
Melee: Unarmed           ||    32
       Kick              ||     1
 Cast: Sting             ||    12
Armor: Robe              ||     2
Dodge: Dodged            ||    19
